[Event "Late-Titled-Tuesday-Blitz-October-24-2023"]
[Site "Chess.com"]
[Date "2023.10.24"]
[Round "11"]
[White "LiemLe"]
[Black "igorkovalenko"]
[Result "1-0"]
[WhiteElo "3004"]
[BlackElo "2952"]
[TimeControl "180+1"]
[EndTime "16:08:21 PDT"]
[Termination "LiemLe won by resignation"]

1. Nf3 d5 2. e3 c6 3. c4 Nf6 4. d4 Bg4 5. h3 Bh5 6. Nc3 e6 7. g4 Bg6 8. Ne5 Nbd7 9. h4 dxc4 10. Nxg6 hxg6 11. g5 Nd5 12. Bxc4 N5b6 13. Bf1 e5 14. dxe5 Nxe5 15. f4 Qxd1+ 16. Kxd1 O-O-O+ 17. Ke2 Nd3 18. Ne4 Kc7 19. Kf3 Be7 20. Bxd3 Rxd3 21. Bd2 f5 22. gxf6 gxf6 23. Ke2 Rhd8 24. Bc3 Nc4 25. Rh3 f5 26. Nf2 R3d7 27. Rg1 b5 28. b3 b4 29. Be1 Nb6 30. Rxg6 Nd5 31. h5 Bc5 32. Re6 Rh7 33. h6 Kd7 34. Re5 Rf8 35. Nd3 Bd6 36. Rxd5 cxd5 37.
Bxb4 Bxb4 38. Nxb4 Kd6 39. Kd3 a5 40. Nc2 Ke6 41.
Nd4+ Kf6 42. Rh5 Rfh8 43. Rxf5+ Kg6 44. Rxd5 Rxh6 45. Rxa5 Rh1 46. a4 Rd1+ 47. Ke4 Re8+ 48. Re5 Rc8 49. a5 Ra1 50. b4 Rc4 51. Rb5 Ra3 52.
Rb6+ Kf7 53. Kd5 Rc8 54. e4 Ra4 55. Nf5 Kf8 56. Nd6 Rc1 57. e5 Kg7 58. f5 Ra2 59. f6+ Kg6 60. f7 Kg7 61. Ke6 Rf2 62. Rb8 Rcf1 63.
Rg8+ Kh7 64. a6 Rxf7 65. Nxf7 Kxg8 66. Nd6 Ra1 67. b5 Ra5 68. Kd7 Kg7 69. e6 Kf6 70. e7 Ke5 71. e8=Q+ Kd5 72. Qe4+ 1-0

[Event "Late-Titled-Tuesday-Blitz-October-24-2023"]
[Site "Chess.com"]
[Date "2023.10.24"]
[Round "11"]
[White "Makswolf200817"]
[Black "Fandorine"]
[Result "0-1"]
[WhiteElo "2643"]
[BlackElo "2914"]
[TimeControl "180+1"]
[EndTime "16:08:22 PDT"]
[Termination "Fandorine won on time"]

1. d4 Nf6 2. c4 g6 3. g3 Bg7 4.
Bg2 d6 5. Nc3 O-O 6. Nf3 Nbd7 7.
O-O e5 8. e4 b6 9. Re1 Re8 10.
h3 Bb7 11. d5 a5 12. b3 Nc5 13.
Qc2 Rf8 14. a3 Nfd7 15. Bb2 f5 16. b4 axb4 17. axb4 Rxa1 18. Bxa1 Nxe4 19. Nxe4 fxe4 20. Qxe4 b5 21. h4 bxc4 22. Ng5 Qf6 23. f4 Nb6 24. fxe5 Qf2+ 25. Kh2 Bxd5 26. Nh3 Bxe4 27. Nxf2 Bxg2 28. Kxg2 Re8 29. Ng4 h5 30. Nh2 Bxe5 31. Nf3 Nd7 32.
Bd4 Kf7 33. Bf2 c6 34. Rd1 d5 35. b5 cxb5 36. Rxd5 Ke6 37. Rxb5 Rc8 38. Ng5+ Kf5 39. Rd5 Nf6 40. Rb5 Ng4 41. Bd4 c3 42. Nf7 c2 43.
Bxe5 c1=Q 44. Bb2+ Ke4 45. Bxc1 Rc2+ 46. Kg1 Rxc1+ 47.
Kg2 Rc2+ 48. Kg1 Kf3 49. Rb3+ Ne3 50. Ng5+ Ke2 51. Ne4 Rc1+ 52. Kh2 Ng4+ 53. Kg2 Rc2 54. Ng5 Ke1+ 55. Kg1 Rc1 56. Nf3+ Ke2+ 57. Kg2 Ne3+ 58. Rxe3+ Kxe3 59. Nh2 Rc2+ 60. Kh3 Rc4 61. g4 Kf2 62. gxh5 gxh5 0-1

[Event "Late-Titled-Tuesday-Blitz-October-24-2023"]
[Site "Chess.com"]
[Date "2023.10.24"]
[Round "11"]
[White "Mikedannnn"]
[Black "BeanScreen"]
[Result "1/2-1/2"]
[WhiteElo "2587"]
[BlackElo "2706"]
[TimeControl "180+1"]
[EndTime "16:08:24 PDT"]
[Termination "Game drawn by repetition"]

1. e4 e5 2. Nf3 Nc6 3. Bb5 a6 4. Bxc6 dxc6 5. d4 exd4 6. Qxd4 Qxd4 7. Nxd4 Bd7 8. Nc3 O-O-O 9. Bf4 Ne7 10. O-O-O Ng6 11.
Bg3 h5 12. h3 h4 13. Bh2 Bc5 14. Nce2 Rh5 15. f4 Re8 16. Nc3 Bb4 17. Rhe1 c5 18.
Nf3 Bc6 19. f5 Nf8 20. Ne5 Bxc3 21. bxc3 Rg5 22. Rd2 Nd7 23. Nxc6 bxc6 24. Bf4 Rxf5 25. exf5 Rxe1+ 26. Kb2 Nb6 27. Rf2 Kb7 28. Bg5 a5 29.
Bxh4 a4 30. Rf4 Rg1 31. g4 Ka6 32. Bf2 Rf1 33. Be3 Rh1 34. Bxc5 Rxh3 35. Bxb6 cxb6 36. Rxa4+ Kb5 37. Re4 Rg3 38. a4+ Ka5 39. Kb3 b5 40. axb5 Kxb5 41. Re7 Rxg4 42. Rxf7 Kc5 43. c4 Rg3+ 44.
c3 Kd6 45. f6 g5 46. Rg7 Ke6 47. f7 Ke7 48. Kb4 Kf8 49. Rg6 Kxf7 50. Rxc6 g4 51.
Rc7+ Kf6 52. c5 Rg1 53. Rc8 Kf7 54. c6 g3 55. Rc7+ Kf6 56. Rc8 Kf7 57. Rc7+ Kf6 58. Rc8 Kf7 1/2-1/2

[Event "Late-Titled-Tuesday-Blitz-October-24-2023"]
[Site "Chess.com"]
[Date "2023.10.24"]
[Round "11"]
[White "cthulhuuu"]
[Black "aghasiyevkamal"]
[Result "0-1"]
[WhiteElo "2419"]
[BlackElo "2587"]
[TimeControl "180+1"]
[EndTime "16:08:26 PDT"]
[Termination "aghasiyevkamal won on time"]

1. e4 e5 2. Nf3 Nc6 3. Bb5 a6 4.
Bxc6 dxc6 5. O-O Bd6 6. d4 exd4 7. Qxd4 f6 8. Nbd2 Be6 9. Nc4 Bxh2+ 10. Kxh2 Qxd4 11.
Nxd4 Bxc4 12. Rd1 O-O-O 13. Bf4 g6 14. b3 Bf7 15. e5 Re8 16. Re1 g5 17. Bg3 Nh6 18.
exf6 c5 19. Nf3 Ng4+ 20. Kg1 h6 21.
Be5 Rhf8 22. Bc3 Bd5 23. Rxe8+ Rxe8 24. Nh2 Nxh2 25. Kxh2 Re2 26. Rd1 c6 27. Rd2 Re4 28. Bb2 b5 29. f3 Rf4 30. Kg3 Kd7 31. Be5 Rf5 32. f4 Ke6 33. c4 bxc4 34. bxc4 gxf4+ 35. Bxf4 Bxc4 36. Rd6+ Kf7 37. Rxc6 Bb5 38. Rc7+ Kxf6 39. Bxh6 Rd5 40. Bf4 Kf5 41. Rf7+ Kg6 42. Rb7 Rd3+ 43. Kf2 Ra3 44. Rb6+ Kf5 45. Be3 Rxa2+ 46. Kf3 Be2+ 47.
Kg3 Bb5 48. Bxc5 Ke4 49. Be7 Kd5 50. Kh4 Kc4 51. g4 Re2 52. Ba3 Rh2+ 53. Kg5 Rg2 54. Bf8 a5 55. Rb8 a4 56. Bg7 a3 57. Rc8+ Kb3 0-1

[Event "Late-Titled-Tuesday-Blitz-October-24-2023"]
[Site "Chess.com"]
[Date "2023.10.24"]
[Round "11"]
[White "chess94cu"]
[Black "Mikhail_Golubev"]
[Result "1-0"]
[WhiteElo "2657"]
[BlackElo "2571"]
[TimeControl "180+1"]
[EndTime "16:08:27 PDT"]
[Termination "chess94cu won on time"]

1. e4 c5 2. Nf3 d6 3. Bb5+ Bd7 4. a4 Nc6 5. Nc3 Nf6 6. O-O e6 7. Re1 Be7 8. d4 cxd4 9. Nxd4 Nxd4 10. Qxd4 O-O 11.
Bg5 Rc8 12. Qxa7 Bxb5 13. axb5 Qc7 14. Qd4 h6 15. Bh4 g5 16. Bg3 Qc4 17. Qxc4 Rxc4 18. Ra7 Rb8 19. e5 Ne8 20. exd6 Bxd6 21. Bxd6 Nxd6 22.
Rd1 Rd8 23. g3 Kf8 24. Kg2 Ke7 25. Rd2 Rd7 26. Kf1 f5 27. Ke2 h5 28. Kd1 h4 29.
Kc1 h3 30. Rd3 g4 31. b3 Rc5 32. Kb2 Re5 33. b6 Re1 34. Na4 Ne4 35. Rxd7+ Kxd7 36. Rxb7+ Kc8 37. Re7 Rh1 38. Rxe6 Rxh2 39. Re8+ Kb7 40. Re7+ Kb8 41. b7 Rxf2 42. Nb6 h2 43. Rh7 Nxg3 44. Nd7+ Kxb7 45. Nf6+ Kc8 46. Rh8+ Kb7 47. Rh7+ Kc6 48.
Rh6 h1=Q 49. Nxg4+ Qxh6 50. Nxh6 f4 51. Ng4 f3 52. Nxf2 Kc5 53. Kc3 Ne2+ 54. Kd3 Nd4 55. b4+ Kd5 56. c3 Nf5 57. Ng4 1-0

[Event "Late-Titled-Tuesday-Blitz-October-24-2023"]
[Site "Chess.com"]
[Date "2023.10.24"]
[Round "11"]
[White "APOKALIPSA13"]
[Black "SlippperyWhenWet"]
[Result "0-1"]
[WhiteElo "2207"]
[BlackElo "2341"]
[TimeControl "180+1"]
[EndTime "16:08:32 PDT"]
[Termination "SlippperyWhenWet won by checkmate"]

1. e4 h5 2. d4 d6 3. h4 g6 4. Bg5 Bg7 5. c3 c6 6. Bc4 Qb6 7. Qb3 Qxb3 8. axb3 b5 9. Bd3 Be6 10. Nd2 Nh6 11. f3 Nd7 12. Ne2 Bf6 13. Ra6 Nb8 14. Ra5 Bxg5 15. hxg5 Ng8 16. Nf4 Bd7 17. d5 a6 18. Kf2 e6 19. dxe6 Bxe6 20. Nxe6 fxe6 21. e5 dxe5 22. Bxg6+ Kf8 23. Rxh5 Rxh5 24. Bxh5 Ne7 25. Ne4 Nd7 26. b4 Nd5 27. g3 Kg7 28. Bg4 Kf7 29.
b3 Ke7 30. g6 N7f6 31. c4 Nxg4+ 32. fxg4 Nf6 33. Ng5 e4 34. Ke3 Rg8 35. Rxa6 Rxg6 36.
Ra7+ Ke8 37. Nxe6 Nxg4+ 38. Kxe4 Rxe6+ 39. Kf5 Re3 40. Kxg4 Rxb3 41. c5 Rxb4+ 42. Kf5 Rc4 43. Ke5 Rxc5+ 44. Kd6 Rc2 45. Ke6 Kf8 46. Kf6 Rf2+ 47.
Ke6 b4 48. Rc7 Rc2 49. Kf6 Ke8 50. Ke6 Kd8 51. Rb7 c5 52. g4 Rc3 53. Kd6 Kc8 54. Kc6 b3 55. Rc7+ Kd8 56. Rh7 Ke8 57. g5 b2 58.
Rh8+ Kf7 59. Rh7+ Kg6 60. Rh1 Rc1 61. Rh6+ Kxg5 62. Rd6 b1=Q 63. Rd5+ Kf4 64. Rd6 Rd1 65. Rf6+ Ke5 66. Rd6 Rxd6+ 67. Kc7 Qb6+ 68. Kc8 Rd8# 0-1

[Event "Late-Titled-Tuesday-Blitz-October-24-2023"]
[Site "Chess.com"]
[Date "2023.10.24"]
[Round "11"]
[White "Apocalyps999"]
[Black "Ali_rastbod"]
[Result "0-1"]
[WhiteElo "2385"]
[BlackElo "2747"]
[TimeControl "180+1"]
[EndTime "16:08:34 PDT"]
[Termination "Ali_rastbod won by checkmate"]

1. e4 c5 2. g3 Nc6 3. Bg2 g6 4. Ne2 Bg7 5. c3 e5 6. O-O Nge7 7. f4 d6 8. d3 O-O 9. Nd2 d5 10. Nf3 dxe4 11. dxe4 Qxd1 12. Rxd1 Be6 13. Be3 b6 14.
Kf2 h6 15. fxe5 g5 16. h4 g4 17. Nh2 h5 18. Nf4 Nxe5 19. Nxh5 Bh8 20. Bg5 f6 21. Be3 Nc4 22. b3 Nxe3 23. Kxe3 f5 24. Nf4 Bf7 25. Rac1 Rae8 26. exf5 Nd5+ 27. Kf2 Nxf4 28. gxf4 Bh5 29. Bd5+ Kh7 30. Re1 Rxe1 31. Rxe1 Bxc3 32. Re7+ Kh6 33. Kg3 Rxf5 34. Be4 Be1+ 35. Kg2 Bxh4 36. Bxf5 Bxe7 37. Nxg4+ Kg7 38. Kf3 b5 39. Ke4 Bf7 40. Ne5 Bg8 41. Bd7 a6 42. Bc8 a5 43. Ba6 b4 44. Bc4 Bh7+ 45. f5 Kf6 46. Nd7+ Kg5 47. Be6 c4 48. bxc4 a4 49. c5 b3 50. axb3 a3 51. b4 Bxf5+ 52. Ke5 Bxe6 53. Kxe6 a2 54. Kxe7 a1=Q 55. c6 Qg7+ 56. Kd6 Qd4+ 57. Ke7 Qxb4+ 58. Kd8 Qa5+ 59. c7 Kf5 60. Nc5 Ke5 61. Kc8 Qa8+ 62.
Kd7 Qd5+ 63. Kc8 Qxc5 64. Kb8 Qb6+ 65. Kc8 Kd6 66. Kd8 Qxc7+ 67. Ke8 Qe7# 0-1

[Event "Late-Titled-Tuesday-Blitz-October-24-2023"]
[Site "Chess.com"]
[Date "2023.10.24"]
[Round "11"]
[White "HaryKane"]
[Black "KATPAH"]
[Result "1-0"]
[WhiteElo "2537"]
[BlackElo "2627"]
[TimeControl "180+1"]
[EndTime "16:08:39 PDT"]
[Termination "HaryKane won by checkmate"]

1. d4 Nf6 2. Nf3 d6 3. g3 g6 4. Bg2 Bg7 5. O-O O-O 6. c4 c5 7.
e3 Bg4 8. h3 Bxf3 9. Bxf3 Nc6 10. Nc3 Qd7 11. Bg2 e5 12. dxc5 dxc5 13. Qxd7 Nxd7 14.
Bxc6 bxc6 15. e4 Rad8 16. Be3 f5 17. exf5 gxf5 18. Na4 f4 19. Bxc5 Nxc5 20. Nxc5 Rd2 21. Rab1 Bh6 22. g4 f3 23. g5 Bxg5 24. Ne4 Rd7 25.
Nxg5 Rg7 26. h4 h6 27. Rbe1 hxg5 28. Rxe5 gxh4+ 29. Kh2 Rg2+ 30. Kh3 Rd8 31. Re3 Rd2 32. Rxf3 Rg5 33. Kxh4 Rg7 34. b3 Rd6 35. Rf5 Rh6+ 36. Rh5 Rf6 37. f4 Rg2 38. Rg5+ Rxg5 39. Kxg5 Rd6 40.
Rf2 Kf7 41. Kf5 a5 42. Rh2 a4 43.
Rh7+ Ke8 44. Rb7 Rd2 45. Ra7 Rxa2 46. Rxa4 Rb2 47. Rb4 Kd7 48. Ke4 Kd6 49. Kd3 Rf2 50.
Ke3 Rb2 51. Rb8 Kc5 52. f5 Kd6 53. Kf4 Rf2+ 54. Kg5 Rf3 55. Kf6 c5 56. Kg6 Ke7 57. Rb7+ Ke8 58. Kf6 Rh3 59. Rb5 Rh6+ 60. Ke5 Rh3 61.
Ke6 Re3+ 62. Kd5 Rf3 63. Kxc5 Rxf5+ 64. Kb6 Rf4 65. c5 Kd8 66. Kb7 Rf7+ 67. Kb6 Kc8 68. Ra5 Rb7+ 69. Kc6 Rc7+ 70. Kd5 Rd7+ 71. Kc4 Rd1 72.
b4 Kc7 73. Ra7+ Kb8 74. Rh7 Kc8 75. Kb5 Rg1 76. Kb6 Rg6+ 77. c6 Rg8 78. Ra7 Kb8 79. c7+ Kc8 80. Ra8+ Kd7 81. Rxg8 Kd6 82. c8=Q Kd5 83. Rd8+ Ke5 84. Qd7 Kf6 85. Kc7 Kg6 86. b5 Kf6 87. b6 Kg6 88. b7 Kf6 89. b8=Q Ke5 90. Qbb5+ Kf6 91. Rf8+ Kg6 92. Qe6+ Kh7 93. Rh8+ Kg7 94. Rh7+ Kf8 95. Rf7+ Kg8 96. Kd7 Kh8 97. Ke7 Kg8 98. Qg5+ Kh8 99. Qh5+ Kg8 100. Rf8+ Kg7 101. Qeg6# 1-0

[Event "Late-Titled-Tuesday-Blitz-October-24-2023"]
[Site "Chess.com"]
[Date "2023.10.24"]
[Round "11"]
[White "RCone"]
[Black "carloseduar100"]
[Result "1-0"]
[WhiteElo "2404"]
[BlackElo "2292"]
[TimeControl "180+1"]
[EndTime "16:08:39 PDT"]
[Termination "RCone won by checkmate"]

1. e4 e6 2. d4 d5 3. e5 c5 4. c3 Nc6 5. Nf3 Qb6 6. Bd3 Bd7 7. dxc5 Bxc5 8. O-O Nh6 9. b4 Be7 10. b5 Na5 11. a4 Rc8 12. Re1 Nc4 13. Nbd2 Ng4 14.
Qe2 Bc5 15. Bxc4 Bxf2+ 16. Kf1 Bxe1 17. Qxe1 dxc4 18. Ne4 O-O 19. h3 f5 20. Nd6 Rcd8 21.
Nxc4 Qc5 22. Nd6 Bc8 23. Bf4 Nh6 24. Bxh6 gxh6 25. Rd1 Qc7 26. c4 Kh8 27. Qe3 Qg7 28. c5 Rg8 29. Rd2 Rdf8 30. Qf4 Bd7 31. Nd4 a6 32. c6 bxc6 33. bxc6 Bc8 34. a5 Qg5 35.
Qxg5 hxg5 36. Nxc8 Rxc8 37. Rc2 Rge8 38. Kf2 Kg7 39.
g4 fxg4 40. hxg4 Kf7 41. Ke3 Ke7 42. Rh2 Rh8 43. Rh6 Kf7 44. Rf6+ Ke7 45. Rxe6+ Kf7 46. Rf6+ Ke7 47. Rh6 Kf7 48. Ke4 Kg7 49. Rd6 h5 50.
Nf5+ Kf7 51. gxh5 Rxh5 52. Kd5 Rh1 53. e6+ Kf6 54. Nd4 Rd1 55. Rd7 g4 56. Rf7+ Kg6 57.
Rf4 Kg5 58. Rf5+ Kg6 59. Re5 g3 60. Re3 Rg1 61. e7 g2 62. Rg3+ Kf7 63. Kd6 Rd1 64. Rf3+ Ke8 65. Rf8# 1-0

[Event "Late-Titled-Tuesday-Blitz-October-24-2023"]
[Site "Chess.com"]
[Date "2023.10.24"]
[Round "11"]
[White "dosto07"]
[Black "Felix-Rose"]
[Result "1-0"]
[WhiteElo "2536"]
[BlackElo "2339"]
[TimeControl "180+1"]
[EndTime "16:08:48 PDT"]
[Termination "dosto07 won on time"]

1. e4 e5 2. Nf3 Nc6 3. Bb5 a6 4.
Bxc6 dxc6 5. O-O Qd6 6. Na3 Be6 7. Qe2 O-O-O 8. Nc4 Bxc4 9. Qxc4 f6 10. d3 Ne7 11.
Be3 Ng6 12. Rfd1 Kb8 13. a4 Qb4 14. Qxb4 Bxb4 15. Kf1 Rd7 16. g3 Rhd8 17. Ke2 Bf8 18. d4 exd4 19. Rxd4 Rxd4 20. Nxd4 Re8 21. f3 Ne5 22. b3 Nd7 23. Rd1 Kc8 24. Kf2 Bc5 25. Nf5 Bxe3+ 26. Nxe3 Nc5 27. h4 h5 28. Rd4 g6 29. Nc4 Ne6 30. Rd2 c5 31. c3 b5 32.
axb5 axb5 33. Ne3 c6 34. f4 Kc7 35. Kf3 Ra8 36. f5 gxf5 37. Nxf5 Ra3 38. Rb2 c4 39. bxc4 Rxc3+ 40. Ne3 bxc4 41. Rb4 Nd4+ 42. Kf2 Rxe3 43. Rxc4 Rf3+ 44. Kg2 Rd3 45. Rc5 Rd2+ 46. Kf1 Rd3 47. Kf2 Rf3+ 48. Kg2 Re3 49. Rxh5 Rxe4 50. Rh6 Re6 51.
g4 Kd6 52. Rh8 Ke5 53. h5 Kf4 54. Rg8 Re2+ 55. Kf1 Re3 56. Rg6 Rf3+ 57. Ke1 Kg3 58. h6 Re3+ 59. Kd2 Re8 60. Rxf6 Nf3+ 61. Kc3 Kxg4 62.
Rxc6 Rh8 63. Kd3 Kh5 64. Ke4 Ng5+ 65. Kf5 Nf7 66. Rc7 Nxh6+ 67. Ke4 1-0

[Event "Late-Titled-Tuesday-Blitz-October-24-2023"]
[Site "Chess.com"]
[Date "2023.10.24"]
[Round "11"]
[White "GlavkonVVS"]
[Black "Nick12772"]
[Result "0-1"]
[WhiteElo "2495"]
[BlackElo "2390"]
[TimeControl "180+1"]
[EndTime "16:10:08 PDT"]
[Termination "Nick12772 won by checkmate"]

1. d4 Nf6 2. c4 g6 3. Nc3 d5 4.
cxd5 Nxd5 5. Qb3 Nxc3 6. bxc3 Bg7 7. Ba3 O-O 8. Rd1 Nc6 9. Nf3 b6 10. e4 Na5 11. Qb1 Bg4 12. Be2 c5 13. dxc5 Bxc3+ 14. Kf1 Qc7 15. cxb6 axb6 16. Rc1 Rfc8 17. Bb4 Bxf3 18. gxf3 Qe5 19. Bxc3 Rxc3 20. Rxc3 Qxc3 21. Qxb6 Qc1+ 22. Kg2 Qg5+ 23. Kh3 Qh5+ 24. Kg2 Qg5+ 25. Kf1 Qc1+ 26. Bd1 Qxd1+ 27. Kg2 Qd6 28. Qb5 Qc6 29. Qe5 Qd6 30. Qb5 Nc6 31. Rc1 Nd4 32.
Qb7 Rxa2 33. Rc8+ Kg7 34. Qb1 Ra7 35. Qb2 Qf6 36. Qc3 Ne2 37. Qxf6+ Kxf6 38. Rc6+ e6 39. h4 Nf4+ 40. Kg3 Nd3 41. Rc3 Ne5 42. f4 Nd7 43. f3 Kg7 44. Rc6 Nf6 45. f5 exf5 46. exf5 Re7 47. fxg6 hxg6 48. Kf4 Nh5+ 49. Kg4 Re1 50. Rc7 Rg1+ 51. Kh3 Nf4+ 52. Kh2 Rd1 53. Kg3 Ne6 54. Ra7 Rd3 55. Kg4 Rd4+ 56. Kg3 Nf4 57. Re7 Nh5+ 58. Kh3 Rd3 59. Kg2 Nf4+ 60. Kg3 Nd5 61.
Rd7 Rd1 62. Kf2 Nc3 63. Rc7 Nd5 64. Rd7 Nc3 65. Rc7 Rc1 66. Kg2 Ne2 67. Re7 Rc2 68. Kh3 Nf4+ 69. Kg4 Ne6 70. Kg3 Rc4 71. Kg2 Rf4 72.
Kg3 Rf6 73. Ra7 Nd4 74. Ra4 Nxf3 75. Re4 Nd2 76. Re3 Nc4 77. Re4 Nd6 78. Rb4 Nf5+ 79. Kg4 Ne3+ 80. Kg3 Nf5+ 81. Kg4 Nh6+ 82. Kh3 Rf5 83.
Kg3 Rh5 84. Rb7 Nf5+ 85. Kg4 Rxh4+ 86. Kg5 Rh5+ 87. Kg4 Ne3+ 88. Kf4 Nd5+ 89. Kg4 Nf6+ 90. Kg3 Rf5 91. Kh4 Ne4 92. Kh3 Rg5 93. Kh4 Rg1 94.
Kh3 Kf6 95. Kh4 Nd6 96. Rb6 Ke5 97. Kh3 Ne4 98. Ra6 f5 99. Ra5+ Kf4 100. Kh2 Rg5 101. Ra4 Kf3 102. Ra3+ Ke2 103. Ra2+ Nd2 104. Ra6 f4 105. Re6+ Kd3 106. Kh3 f3 107. Rd6+ Ke2 108. Re6+ Kd1 109. Rd6 f2 110. Rf6 f1=Q+ 111. Rxf1+ Nxf1 112. Kh4 Rg1 113. Kh3 Nd2 114. Kh4 Nb3 115. Kh3 Re1 116. Kh4 Re5 117. Kh3 Rg5 118. Kh2 Ke2 119. Kh3 Kf3 120. Kh2 Nd4 121. Kh1 Kf2 122. Kh2 Rh5# 0-1